 Dungeon Crawl Stone Soup version 0.20.1-1-g8b1a95d66d (webtiles) character file.

50 NullDivider the Charlatan (level 3, 0/24 HPs)
             Began as an Octopode Artificer on Nov 22, 2017.
             Succumbed to an adder's poison
             ... on level 2 of the Dungeon.
             The game lasted 00:04:53 (1473 turns).

NullDivider the Charlatan (Octopode Artificer)      Turns: 1473, Time: 00:04:54

Health: 0/24       AC: -1    Str: 11    XL:     3   Next: 79%
Magic:  5/5        EV: 14    Int: 13    God:
Gold:   113        SH:  0    Dex: 13    Spells: 2/2 levels left

rFire    . . .     SeeInvis .   p - +0 dagger (curse)
rCold    . . .     Gourm    .   (no shield)
rNeg     . . .     Faith    .   (helmet restricted)
rPois    .         Spirit   .   o - amulet of harm
rElec    .         Reflect  .   q - -2 ring of protection (curse)
rCorr    .         Harm     +   (no ring)
MR       .....                  (no ring)
Stlth    +++.......             (no ring)
Regen    0.1/turn               (no ring)
MPRegen  0.1/turn               (no ring)
                                (no ring)
                                (no ring)

@: lethally poisoned (0 -> -12), hasted, very quick
A: almost no armour, stealthy swim, amphibious, 8 rings, constrict 8, camouflage
1, gelatinous body 1
a: no special abilities


You were on level 2 of the Dungeon.
You were not hungry.

You visited 1 branch of the dungeon, and saw 2 of its levels.

You collected 113 gold pieces.

Inventory:

Hand Weapons
 a - a +0 short sword
 p - a cursed +0 dagger (weapon)
Jewellery
 o - an amulet of harm (around mantle)
 q - a cursed -2 ring of protection (left tentacle)
Wands
 b - a wand of flame (15/48)
 c - a wand of enslavement (15/24)
 d - a wand of random effects (15/48)
Scrolls
 e - a scroll of fear {unknown}
 g - a scroll of teleportation {unknown}
 k - a scroll of amnesia {unknown}
 l - 2 scrolls of remove curse {unknown}
 m - a scroll of recharging {unknown}
 n - a scroll of fog {unknown}
 s - a scroll of enchant weapon {unknown}
Potions
 h - a potion of might {unknown}
Comestibles
 f - 2 bread rations
 i - 3 chunks of flesh


   Skills:
 + Level 1.7 Fighting
 + Level 1.8 Short Blades
 + Level 2.6 Dodging
 + Level 2.2 Stealth
 + Level 3.6 Evocations


You had 2 spell levels left.
You didn't know any spells.

Dungeon Overview and Level Annotations

Branches:
Dungeon (2/15)

Altars:
The Shining One


Innate Abilities, Weirdness & Mutations

You cannot wear most types of armour.
You are very stealthy in the water. (Stealth+)
You are amphibious.
You can wear up to eight rings at the same time.
You can use your tentacles to constrict eight enemies at once.
Your skin changes colour to match your surroundings (Stealth+).
Your rubbery body absorbs attacks. (AC +1, EV +1)


Message History

You constrict the adder. The adder bites you.
You are poisoned.
The adder poisons you!
You hit the adder but do no damage.
The adder is severely wounded.
You constrict the adder.
You feel sick. The adder bites you.
* * * LOW HITPOINT WARNING * * *
You are more poisoned.
The adder poisons you!
You hit the adder.
The adder is almost dead.
You constrict the adder.
You kill the adder!
* * * LOW HITPOINT WARNING * * *
You feel sick.
It was a potion of cancellation.
You feel magically purged.
* * * LOW HITPOINT WARNING * * *
You feel sick.
It was a potion of haste.
You feel yourself speed up.
You die...

#.........# #.[.......#
#.%.......# #.........#
#.........# #.........#
#########..(......#
........+........=+
#......##.......@†#
+......'................
#......#########........
#......# #........
#......# ##..#####
######## #.# .. #.#


There were no monsters in sight!

Vanquished Creatures
  An adder (D:2)
  3 dart slugs
  An orc (D:2)
  2 bats (D:1)
  A giant cockroach (D:2)
  3 hobgoblins
  4 jackals (D:2)
  2 kobolds (D:1)
  3 quokkas (D:2)
  2 frilled lizards (D:1)
  4 goblins
  6 rats (D:1)
32 creatures vanquished.

Notes
Turn   | Place    | Note
-------+----------+-------------------------------------------
     0 | D:1      | NullDivider the Octopode Artificer began the quest for the Orb.
     0 | D:1      | Reached XP level 1. HP: 13/13 MP: 3/3
   198 | D:1      | Reached XP level 2. HP: 16/18 MP: 4/4
   584 | D:1      | Found a glowing golden altar of the Shining One.
  1066 | D:2      | Reached XP level 3. HP: 19/23 MP: 5/5
  1472 | D:2      | HP: 1/24 [poisoned by an adder]
  1473 | D:2      | Succumbed to an adder's poison

Skill      XL: |  1  2  3 |
---------------+----------+-----
Stealth        | 2 |  2.2
Fighting       | |  1.7
Short Blades   | |  1.8
Dodging        | |  2.6
Evocations     | |  3.6

Action                   || total
-------------------------++-------
Melee: Short sword       ||    22
       Constrict         ||    19
       Tentacles         ||     9
       Dagger            ||    55
  Use: Potion            ||     2
 Stab: Sleeping          ||     9
  Eat: Chunk             ||     2
Dodge: Dodged            ||    38
